 Dungeon Crawl Stone Soup version 0.31.0-9-g3a7656b989 (console) character file.

Game seed: 12108477432137070316

75 Ignak the Gusty (level 4, -1/32 HPs)
             Began as a Gnoll Air Elementalist on Jan 27, 2024.
             Slain by Grinder (6 damage)
             ... on level 3 of the Dungeon.
             The game lasted 00:07:20 (2026 turns).

Ignak the Gusty (Gnoll Air Elementalist)            Turns: 2026, Time: 00:07:23

Health: -1/32      AC:  9    Str:  7    XL:     4   Next: 31%
Magic:  4/11       EV: 13    Int: 17    God:
Gold:   146        SH:  0    Dex: 12    Spells: 5/13 levels left

rFire   . . .        k - +2 short sword (protect)
rCold   . . .        (no shield)
rNeg    . . .        a - +0 robe
rPois   .            (no helmet)
rElec   .            (no cloak)
rCorr   .            (no gloves)
SInv    .            (no boots)
Will    .....        (no amulet)
Stlth   ++           (no ring)
HPRegen 0.25/turn    (no ring)
MPRegen 0.12/turn

%: no passive effects
@: under a protective aura
A: fangs 1, strong nose, distributed training
a: no special abilities


You were on level 3 of the Dungeon.
You visited 1 branch of the dungeon, and saw 3 of its levels.

You collected 146 gold pieces.

Inventory:

Hand Weapons
 k - a +2 short sword of protection (weapon)
Armour
 a - a +0 robe (worn)
Magical Staves
 l - a staff of fire
Scrolls
 c - a scroll of revelation {unknown}
 d - a scroll of noise
 f - a scroll of summoning {unknown}
 i - a scroll of teleportation {unknown}
 j - a scroll of vulnerability {unknown}
Potions
 b - a potion of magic
 e - 2 potions of ambrosia {unknown}
 g - a potion of curing {unknown}
 h - 2 potions of brilliance {unknown}


   Skills:
 + Level 1.1 Fighting
 + Level 1.1 Short Blades
 + Level 1.1 Long Blades
 + Level 1.1 Axes
 + Level 1.1 Maces & Flails
 + Level 1.1 Polearms
 + Level 1.1 Staves
 + Level 1.1 Ranged Weapons
 + Level 1.1 Throwing
 + Level 1.1 Armour
 + Level 4.6 Dodging
 + Level 4.2 Stealth
 + Level 1.1 Shields
 + Level 1.1 Unarmed Combat
 + Level 5.1 Spellcasting
 + Level 2.2 Conjurations
 + Level 0.9 Hexes
 + Level 0.9 Summonings
 + Level 0.9 Necromancy
 + Level 0.9 Translocations
 + Level 0.9 Fire Magic
 + Level 0.9 Ice Magic
 + Level 5.4 Air Magic
 + Level 0.9 Earth Magic
 + Level 0.9 Alchemy
 + Level 1.2 Invocations
 + Level 1.1 Evocations
 + Level 1.0 Shapeshifting


You had 5 spell levels left.
You knew the following spells:

 Your Spells              Type           Power      Damage    Failure   Level
a - Shock                 Conj/Air       68%        1d7       3%          1
b - Swiftness             Air            23%        N/A       4%          3
c - Ensorcelled Hibernat  Hex/Ice        14%        N/A       14%         2
z - Static Discharge      Conj/Air       34%        3-5/arc   4%          2

Your spell library contained the following spells:

 Spells                   Type           Power      Damage    Failure   Level
 Mercury Vapours          Alch/Air       30%        N/A       6%          2
 Sting                    Conj/Alch      36%        1d5       8%          1
 Lesser Beckoning         Tloc           14%        N/A       14%         2
 Airstrike                Air            11%        2d(2-18)  14%         4
 Fugue of the Fallen      Necr           7%         N/A       28%         3
 Gell's Gravitas          Tloc           7%         N/A       28%         3
 Inner Flame              Hex/Fire       7%         N/A       28%         3
 Teleport Other           Tloc           7%         N/A       28%         3
 Vhi's Electric Charge    Tloc/Air       30%        N/A       36%         4
 Arcjolt                  Conj/Air       8%         1d18      63%         5
 Anguish                  Hex/Necr       3%         N/A       67%         4
 Olgreb's Toxic Radiance  Alch           7%         N/A       67%         4
 Irradiate                Conj/Alch      4%         3d13      90%         5
 Ignition                 Fire           3%         3d4       100%        8
 Maxwell's Capacitive Co  Air            11%        ∞         100%        8


Dungeon Overview and Level Annotations

Branches:
Dungeon (3/15)

Altars:
Ashenzari
Kikubaaqudgha
Ru

Annotations:
D:3 Grinder


Innate Abilities, Weirdness & Mutations

You have very sharp teeth.
Your uncanny sense of smell can sniff out nearby items.
Your experience applies equally to all skills.


Message History

The zap hits Grinder.
Grinder is lightly wounded.
Casting: Shock (safe; 3% risk of failure)
Confirm with . or Enter, or press ? or * to list all spells.
Grinder is struck by an arc of lightning.
Grinder is moderately wounded.
You are struck by an arc of lightning.
The lightning grounds out.
Grinder gestures at you.
You suddenly lose the ability to move!
Grinder gestures at you.
You barely resist.
You can move again.
Casting: Static Discharge (safe; 4% risk of failure)
Confirm with . or Enter, or press ? or * to list all spells.
Grinder is struck by an arc of lightning.
Grinder is moderately wounded.
You are struck by an arc of lightning.
The lightning grounds out.
Grinder says, "Wait up."
Grinder hits you!
You writhe in agony.
Casting: Static Discharge (safe; 4% risk of failure)
Confirm with . or Enter, or press ? or * to list all spells.
Okay, then.
You aren't carrying any items that you can evoke.
You hit Grinder but do no damage.
Your weapon exudes an aura of protection.
Grinder is moderately wounded.
Grinder hits you.
You writhe in agony.
* * * LOW HITPOINT WARNING * * *
As you read the scroll labelled ULAZ UHANOL, it crumbles to dust.
You hear a loud clanging noise!
It was a scroll of noise.
Grinder gestures at you.
You barely resist. You closely miss Grinder.
Grinder is moderately wounded.
Grinder hits you.
* * * LOW HITPOINT WARNING * * *
You writhe in agony.
You die...
Grinder says, "Now the real fun starts!"

#<######## ## ####.#....... #.
..##......... #. #.##..#######
###########. #.##..#
#####.........#. #.##..#
...##.#######.#. #.#...# ...##.#
#.#.#####.....# ...##.#
#.#.@.....#...# ...##.#
#.#.5.........#######
...##.#######.##...<..#..........
.................................
.####..######.............######)
.#####.# #.....####.....# #.
.##.P.#### #...[.# #.....# #.
.##P..##)# #.....####.....# #.
#....PP.## #..####.#.###..# ####


You could see Grinder.

Vanquished Creatures
  An adder (D:3)
  A dart slug (D:2)
  5 orcs (D:3)
  6 endoplasms
  4 giant cockroaches
  4 goblins
  6 hobgoblins
  4 jackals (D:1)
  5 quokkas
  3 ball pythons
  2 bats
  5 frilled lizards
  3 kobolds
  4 rats
53 creatures vanquished.

Notes
Turn   | Place    | Note
-------+----------+-------------------------------------------
     0 | D:1      | Ignak the Gnoll Air Elementalist began the quest for the
                  | Orb.
     0 | D:1      | Reached XP level 1. HP: 13/13 MP: 6/6
    92 | D:1      | Reached XP level 2. HP: 19/19 MP: 4/7
   236 | D:1      | Learned a level 2 spell: Static Discharge
   888 | D:2      | Learned a level 2 spell: Ensorcelled Hibernation
   901 | D:2      | Reached skill level 5 in Spellcasting
   901 | D:2      | Reached XP level 3. HP: 19/25 MP: 3/9
  1111 | D:2      | Reached skill level 1 in Invocations
  1420 | D:2      | Reached skill level 1 in Fighting
  1420 | D:2      | Reached skill level 1 in Short Blades
  1420 | D:2      | Reached skill level 1 in Long Blades
  1420 | D:2      | Reached skill level 1 in Axes
  1420 | D:2      | Reached skill level 1 in Maces & Flails
  1420 | D:2      | Reached skill level 1 in Polearms
  1420 | D:2      | Reached skill level 1 in Staves
  1420 | D:2      | Reached skill level 1 in Ranged Weapons
  1420 | D:2      | Reached skill level 1 in Throwing
  1420 | D:2      | Reached skill level 1 in Armour
  1420 | D:2      | Reached skill level 1 in Shields
  1420 | D:2      | Reached skill level 1 in Unarmed Combat
  1420 | D:2      | Reached skill level 1 in Evocations
  1424 | D:2      | Learned a level 3 spell: Swiftness
  1529 | D:3      | Found a sacrificial altar of Ru.
  1534 | D:3      | Reached skill level 1 in Shapeshifting
  1534 | D:3      | Reached XP level 4. HP: 32/32 MP: 2/11
  1748 | D:3      | Found a broken altar of Ashenzari.
  1748 | D:3      | Found an ancient bone altar of Kikubaaqudgha.
  1816 | D:3      | Found a faded altar of an unknown god.
  2016 | D:3      | Noticed Grinder
  2021 | D:3      | Paralysed by Grinder for 2 turns
  2026 | D:3      | Slain by Grinder

Illustrated notes

Levels and vault maps discovered:
D:1:      arrival_zaba_pyramid, layout_rooms, amcnicky_mini_corridor_feature
D:2:      layout_loops_ring
D:3:      layout_basic, nicolae_ru_sacrificial_ziggurat, jmf_multi_god_temple,
          shapermc_ecumenical_altar_gd, minivault_14, chequers_jeans,
          minivault_24, nrook_uturn, uniq_grinder

Skill      XL: |  1  2  3 |
---------------+----------+-----
Conjurations   | 2 |  2.2
Spellcasting   | 5 |  5.1
Invocations    | 1 |  1.2
Fighting       | 1 |  1.1
Short Blades   | 1 |  1.1
Long Blades    | 1 |  1.1
Axes           | 1 |  1.1
Maces & Flails | 1 |  1.1
Polearms       | 1 |  1.1
Staves         | 1 |  1.1
Ranged Weapons | 1 |  1.1
Throwing       | 1 |  1.1
Armour         | 1 |  1.1
Shields        | 1 |  1.1
Unarmed Combat | 1 |  1.1
Evocations     | 1 |  1.1
Shapeshifting  | 1 |  1.0
Dodging        | |  4.6
Stealth        | |  4.2
Hexes          | |  0.9
Summonings     | |  0.9
Necromancy     | |  0.9
Translocations | |  0.9
Fire Magic     | |  0.9
Ice Magic      | |  0.9
Air Magic      | |  5.4
Earth Magic    | |  0.9
Alchemy        | |  0.9

Action                     |  1- 3 |  4- 6 || total
---------------------------+-------+-------++-------
  Melee: Unarmed           |    57 |       ||    57
         Bite              |     7 |     1 ||     8
         Short sword       |     9 |     9 ||    18
   Cast: Shock             |    56 |    16 ||    72
         Static Discharge  |     4 |     2 ||     6
    Use: Scroll            |       |     1 ||     1
   Stab: Sleeping          |     3 |     1 ||     4
 Armour: Robe              |    38 |     7 ||    45
  Dodge: Dodged            |    46 |     3 ||    49
